 Dungeon Crawl Stone Soup version 0.16.0-17-g811c1d7 (webtiles) character file.

253 nightshade the Chopper (level 5, -20/46 HPs)
             Began as a Minotaur Fighter on Mar 21, 2015.
             Engulfed by a cloud of flame (21 damage)
             ... on level 4 of the Dungeon.
             The game lasted 00:07:27 (2342 turns).

nightshade the Chopper (Minotaur Fighter)           Turns: 2342, Time: 00:07:27

Health: -20/46     AC:  6    Str: 22    XL:     5   Next: 90%
Magic:  2/2        EV: 10    Int:  5    God:
Gold:   168        SH:  4    Dex:  9    Spells: 0 memorised, 4 levels left

rFire  . . .     SeeInvis .     a - +0 war axe
rCold  . . .     Clarity  .     q - +0 scale mail
rNeg   . . .     SustAb   .     b - +0 buckler
rPois  .         Gourm    .     (helmet restricted)
rElec  .         Spirit   .     (no cloak)
rCorr  .         Warding  .     (no gloves)
rMut   .         Stasis   .     (no boots)
MR     .....                    (no amulet)
Stlth  ..........               (no ring)
                                m - ring of teleport control

@: not resistant to hostile enchantments, extremely unstealthy
A: retaliatory headbutt, horns 2
a: Evoke Teleport Control


You were on level 4 of the Dungeon.
You were not hungry.

You visited 1 branch of the dungeon, and saw 4 of its levels.

You collected 168 gold pieces.

Inventory:

Hand weapons
 a - a +0 war axe (weapon)
Armour
 b - a +0 buckler (worn)
 c - a +0 shield
 q - a +0 scale mail (worn)
Jewellery
 m - a ring of teleport control (left hand)
Scrolls
 j - 3 scrolls of identify
 o - 2 scrolls of teleportation {unknown}
 p - a scroll of fog {unknown}
 s - 2 scrolls of random uselessness {unknown}
Potions
 e - a potion of might
 g - a potion of restore abilities {unknown}
 h - a potion of curing {unknown}
 i - 5 potions of brilliance
Comestibles
 d - 2 bread rations
 n - 2 chunks of flesh
 r - a fruit
 t - a meat ration


   Skills:
 - Level 3.7 Fighting
 + Level 7.0 Axes
 - Level 3.6 Armour
 - Level 2.0 Dodging
 - Level 3.6 Shields


You had 4 spell levels left.
You didn't know any spells.

Dungeon Overview and Level Annotations

Branches:
Dungeon (4/15)
 Temple: D:4-7

Altars:
Gozag
Ru
Trog
Yredelemnul


Innate Abilities, Weirdness & Mutations

You reflexively headbutt those who attack you in melee.
You have a pair of horns on your head.


Message History

A gnoll comes into view. It is wielding a spear.
Read which item? (? for menu, Esc to quit)
As you read the scroll labeled BRISTRY FUSOU, it crumbles to dust.
The creatures around you are filled with an inner flame!
It was a scroll of immolation.
The gnoll shouts!
The gnoll moves out of view.
Read which item? (? for menu, Esc to quit)
As you read the scroll labeled ETEAC OPHEEDGH, it crumbles to dust.
You feel forgetful for a moment.
It was a scroll of amnesia.
A gnoll comes into view. It is wielding a spear.
The gnoll shouts!
The gnoll hits you with a spear.
The gnoll moves out of view.
You slash the gnoll!!
The gnoll explodes!
The fiery explosion engulfs you!
Ouch! That really hurt!
* * * LOW HITPOINT WARNING * * *
You are engulfed in roaring flames.
You die...

. ..#
#######g....%
#...@ยงยง%..%#
#.##.########.#
###.##........#
+...[...#####.#
###...###.###
#...........#
#....^......#
#...........#
#...........#


You could see a gnoll (inner flame).

Vanquished Creatures
  A gnoll shaman (D:4)
  A worker ant (D:4)
  Jessica (D:2)
  7 gnolls
  2 adders (D:2)
  4 worms
  4 giant geckos
  2 orcs (D:3)
  5 giant cockroaches
  6 goblins
  9 hobgoblins
  4 jackals (D:1)
  2 quokkas
  A ball python (D:2)
  9 bats
  4 giant newts
  7 kobolds
  12 rats
81 creatures vanquished.

Notes
Turn   | Place    | Note
--------------------------------------------------------------
     0 | D:1      | nightshade, the Minotaur Fighter, began the quest for the Orb.
     0 | D:1      | Reached XP level 1. HP: 19/19 MP: 1/1
   247 | D:1      | Reached XP level 2. HP: 27/27 MP: 1/1
   960 | D:2      | Reached skill level 4 in Axes
   960 | D:2      | Reached XP level 3. HP: 30/33 MP: 2/2
   965 | D:2      | Reached skill level 1 in Dodging
  1144 | D:2      | Found a bloodstained altar of Trog.
  1145 | D:2      | Noticed Jessica
  1149 | D:2      | Killed Jessica
  1149 | D:2      | Reached XP level 4. HP: 40/40 MP: 2/2
  1212 | D:2      | Reached skill level 5 in Axes
  1221 | D:2      | Found an opulent altar of Gozag.
  1356 | D:2      | Found a sacrificial altar of Ru.
  1860 | D:3      | Reached XP level 5. HP: 31/46 MP: 2/2
  2048 | D:3      | Found a basalt altar of Yredelemnul.
  2224 | D:4      | Reached skill level 6 in Axes
  2305 | D:4      | Reached skill level 7 in Axes
  2342 | D:4      | HP: 1/46 [gnoll/exploding inner flame[the player character] (36)]
  2342 | D:4      | Engulfed by a cloud of flame

Action                   |  1- 3 |  4- 6 || total
-------------------------+-------+-------++-------
Melee: War axe           |    47 |   110 ||   157
  Use: Scroll            |       |     4 ||     4
  Eat: Chunk             |     1 |     4 ||     5
